 Dungeon Crawl Stone Soup version 0.30.0-29-ga12c61a403 (webtiles) character file.

Game seed: 12804029774360549532

1353 LynnLen the Jinx (level 8, -2/36 HPs)
             Began as a Spriggan Enchanter on June 15, 2023.
             Was a Follower of Nemelex Xobeh.
             Slain by a scorpion (5 damage)
             ... on level 6 of the Dungeon.
             The game lasted 00:17:37 (6080 turns).

LynnLen the Jinx (Spriggan Enchanter)               Turns: 6080, Time: 00:17:38

Health: -2/36      AC:  2    Str:  4    XL:     8   Next: 36%
Magic:  13/21      EV: 17    Int: 18    God:    Nemelex Xobeh [*.....]
Gold:   210        SH:  0    Dex: 16    Spells: 10/23 levels left

rFire   . . .        a - +1 dagger
rCold   . . .        (no shield)
rNeg    . . .        b - +0 robe
rPois   .            (helmet restricted)
rElec   .            (no cloak)
rCorr   .            (gloves unavailable)
SInv    +            (boots unavailable)
Will    +....        (no amulet)
Stlth   +++          (no ring)
HPRegen 0.26/turn    (no ring)
MPRegen 0.17/turn

%: no passive effects
@: studying Fire Magic, very quick
A: very small, no large weapons, unfitting armour, see invisible, speed 3
a: Renounce Religion, Draw Escape, Draw Destruction, Draw Summoning


You were on level 6 of the Dungeon.
You worshipped Nemelex Xobeh.
Nemelex Xobeh was aware of your devotion.
You visited 2 branches of the dungeon, and saw 7 of its levels.

You collected 210 gold pieces.

Inventory:

Hand Weapons
 a - a +1 dagger (weapon)
Missiles
 f - 43 stones (quivered)
Armour
 b - a +0 robe (worn)
 d - a scarf of shadows
 z - a scarf of harm
Jewellery
 v - the amulet of Ashenzari's Whim {Spirit rPois rC+ Str+2}
   (You found it on level 4 of the Dungeon)

   [amulet of guardian spirit]

   It causes incoming damage to be divided between your reserves of health and
   magic.
   Str:       It affects your strength (+2).
   rC:        It protects you from cold.
   rPois:     It protects you from poison.
Wands
 t - a wand of light (9)
 u - a wand of iceblast (5)
 x - a wand of polymorph (5)
Scrolls
 h - 2 scrolls of poison
 j - a scroll of blinking {unknown}
 l - 2 scrolls of amnesia
 m - a scroll of teleportation {unknown}
 o - a scroll of enchant armour {unknown}
 q - a scroll of noise {unknown}
 y - a scroll of identify
Potions
 c - a potion of invisibility
 e - 3 potions of curing
 g - 3 potions of brilliance
 i - 2 potions of cancellation
 k - a potion of ambrosia {unknown}
 n - a potion of might {unknown}
 p - 2 potions of mutation {unknown}
 r - 3 potions of attraction
 s - a potion of heal wounds {unknown}
 w - a potion of resistance {unknown}


   Skills:
 - Level 1.1 Short Blades
 - Level 2.6 Dodging
 - Level 4.4 Stealth
 + Level 8.4 Spellcasting
 + Level 9.4 Hexes
 * Level 3.6 Transmutations


You had 10 spell levels left.
You knew the following spells:

 Your Spells              Type           Power      Damage    Failure   Level
a - Ensorcelled Hibernat  Hex/Ice        48%        N/A       1%          2
b - Confusing Touch       Hex            41%        N/A       1%          3
c - Tukima's Dance        Hex            41%        N/A       1%          3
d - Yara's Violent Unrav  Hex/Tmut       15%        3d8       19%         5

Your spell library contained the following spells:

 Spells                   Type           Power      Damage    Failure   Level
 Dazzling Flash           Conj/Hex       48%        N/A       4%          3
 Inner Flame              Hex/Fire       24%        N/A       4%          3
 Portal Projectile        Hex/Tloc       48%        N/A       4%          3
 Leda's Liquefaction      Hex/Erth       12%        N/A       14%         4
 Call Canine Familiar     Summ           7%         N/A       28%         3
 Passage of Golubria      Tloc           7%         N/A       67%         4
 Summon Lightning Spire   Summ/Air       7%         N/A       67%         4
 Enfeeble                 Hex            20%        N/A       86%         7
 Storm Form               Tmut/Air       7%         N/A       100%        7
 Maxwell's Capacitive Co  Air            3%         ∞         100%        8


Dungeon Overview and Level Annotations

Branches:
Dungeon (6/15)             Temple (1/1) D:4

Altars:
Ashenzari
Cheibriados
Dithmenos
Elyvilon
Fedhas
Gozag
Hepliaklqana
Kikubaaqudgha
Makhleb
Nemelex Xobeh
Okawaru
Qazlal
Ru
Sif Muna
Trog
Uskayaw
Vehumet
Wu Jian
Xom
Yredelemnul
Zin
The Shining One

Shops:
D:3 *   D:5 *

Annotations:
D:3 3 runed translucent doors, 5155yf4g's ghost, amateur TrBe; Senryu's ghost, weakling DrMo; safid's ghost, amateur MfIE
D:4 1 runed translucent door, jujuben's ghost, novice TrGl


Innate Abilities, Weirdness & Mutations

You are very small and have problems with some larger weapons.
You are too small for most types of armour.
You have supernaturally acute eyesight. (SInv)
You cover ground extremely quickly. (Speed+++)


Message History

Aiming: Ensorcelled Hibernation (safe; 1% risk of failure)
Press: ? - help, Shift-Dir - straight line, f/p - scorpion
Aim: a scorpion (chance to affect: 55%)
The scorpion looks drowsy...
You feel sick.
The helpless scorpion fails to defend itself.
You puncture the scorpion!
The scorpion is almost dead.
You feel sick. The scorpion closely misses you. x2
You feel sick. The scorpion completely misses you.
You hit the scorpion.
The scorpion is almost dead.
You feel sick. The scorpion closely misses you.
Casting: Ensorcelled Hibernation (safe; 1% risk of failure)
Confirm with . or Enter, or press ? or * to list all spells.
You don't know that spell.
You hit the scorpion but do no damage.
The scorpion is almost dead.
You feel sick. The scorpion stings you.
You are more poisoned.
The scorpion poisons you!
You hit the scorpion but do no damage.
The scorpion is almost dead.
* * * LOW HITPOINT WARNING * * *
You feel very sick. The scorpion closely misses you.
You feel sick.
You feel sick.
You feel sick.
You feel sick.
You feel sick.
You feel sick. The scorpion barely misses you.
You feel sick.
You feel sick.
You feel sick.
You feel sick.
You are no longer poisoned.
The scorpion stings you.
You die...
Your body disappears without a glow.

#.......#.##...#.#..#
#......##....#.#.#..#
.'......#.###.#...#..#
.#......#...######'..#
..#......#._.#...#....#
.#......#...#...#^...#
.'......#####...###'##
#........#..s..##...#
#...o....#.@...##...#
#..oo....#..........#
#...o....#..........+
#........#..........#
#....(...#..........#
#.......<#..........#
#........#.....[....#
#..!.....#.....####+#
#........#.....#


You could see a scorpion.

Vanquished Creatures
  Prince Ribbit (D:5)
  Sigmund (D:3)
  Eustachio (D:5)
  Blork the orc (D:5)
  A scorpion (D:5)
  A howler monkey (D:5)
  2 jellies
  An orc priest (D:3)
  Ijyb (D:3)
  6 orc wizards
  A sleepcap (D:5)
  Robin (D:3)
  4 gnolls (D:3)
  9 adders
  A shadow imp (D:4)
  A worm (D:3)
  2 dart slugs
  20 orcs
  6 endoplasms
  3 giant cockroaches
  9 goblins
  10 hobgoblins
  3 jackals (D:1)
  A quokka (D:3)
  5 ball pythons
  6 bats
  2 frilled lizards
  5 kobolds
  10 rats
115 creatures vanquished.

Vanquished Creatures (collateral kills)
  An ogre (D:5)
  A centaur (D:5)
  An adder (D:5)
  2 orcs
  A goblin (D:3)
6 creatures vanquished.

Vanquished Creatures (others)
  A dancing weapon (D:3)
  An orc (D:5)
2 creatures vanquished.

Grand Total: 123 creatures vanquished

Notes
Turn   | Place    | Note
-------+----------+-------------------------------------------
     0 | D:1      | LynnLen the Spriggan Enchanter began the quest for the Orb.
     0 | D:1      | Reached XP level 1. HP: 9/9 MP: 5/5
   122 | D:1      | Reached skill level 4 in Hexes
   224 | D:1      | Reached XP level 2. HP: 7/13 MP: 6/6
   731 | D:2      | Reached XP level 3. HP: 12/16 MP: 8/8
   734 | D:2      | Learned a level 2 spell: Ensorcelled Hibernation
   738 | D:2      | Learned a level 3 spell: Confusing Touch
   742 | D:2      | Learned a level 3 spell: Tukima's Dance
   879 | D:2      | Reached skill level 5 in Hexes
  1085 | D:2      | Reached XP level 4. HP: 20/21 MP: 8/10
  1572 | D:3      | Identified the +8 hand axe "Leilukk" {distort, Drain Str+6
                  | Dex+2}
  1653 | D:3      | Noticed Sigmund
  1763 | D:3      | Reached skill level 6 in Hexes
  2001 | D:3      | Killed Sigmund
  2002 | D:3      | Reached skill level 5 in Spellcasting
  2002 | D:3      | Reached XP level 5. HP: 18/24 MP: 7/13
  2002 | D:3      | Reached XP level 6. HP: 21/28 MP: 7/14
  2108 | D:3      | Noticed Robin
  2122 | D:3      | Killed Robin
  2156 | D:2      | Reached skill level 7 in Hexes
  2440 | D:3      | Found Jompu's Assorted Antiques.
  2461 | D:3      | Noticed Ijyb
  2516 | D:3      | Killed Ijyb
  2558 | D:3      | Found a runed translucent gate.
  2558 | D:3      | Found a runed translucent gate.
  2559 | D:3      | Found a runed translucent gate.
  2560 | D:3      | Noticed safid's ghost (amateur MfIE)
  2561 | D:3      | Noticed 5155yf4g's ghost (amateur TrBe)
  2561 | D:3      | Noticed Senryu's ghost (weakling DrMo)
  2790 | D:3      | Learned a level 5 spell: Yara's Violent Unravelling
  3399 | D:4      | Identified the amulet of Ashenzari's Whim {Spirit rPois rC+
                  | Str+2}
  3487 | D:4      | Found a staircase to the Ecumenical Temple.
  3519 | D:4      | Found a runed translucent door.
  3522 | Temple   | Entered the Ecumenical Temple
  3989 | Temple   | Became a worshipper of Nemelex Xobeh the Trickster
  4149 | D:4      | Noticed jujuben's ghost (novice TrGl)
  4403 | D:5      | Entered Level 5 of the Dungeon
  4412 | D:5      | Reached XP level 7. HP: 15/32 MP: 13/17
  4561 | D:5      | Noticed Prince Ribbit
  4571 | D:5      | Killed Prince Ribbit
  4572 | D:5      | Reached skill level 8 in Hexes
  4572 | D:5      | Reached skill level 1 in Transmutations
  4925 | D:5      | Noticed Eustachio
  5124 | D:5      | Found Yczuvarch's Overcharged Wands.
  5160 | D:5      | Reached * piety under Nemelex Xobeh
  5175 | D:5      | Noticed Blork the orc
  5196 | D:5      | Killed Eustachio
  5197 | D:5      | Reached XP level 8. HP: 23/36 MP: 15/20
  5257 | D:5      | Killed Blork the orc
  5258 | D:5      | Reached skill level 9 in Hexes
  5769 | D:6      | Received a gift from Nemelex Xobeh
  5990 | D:6      | Found a shadowy altar of Dithmenos.
  6005 | D:6      | Found a glowing golden altar of the Shining One.
  6080 | D:6      | Slain by a scorpion

Illustrated notes

Levels and vault maps discovered:
D:1:      amcnicky_arrival_gap_in_the_tavern_cellar, layout_basic
D:2:      layout_basic
D:3:      layout_rooms, serial_shops, shop, gammafunk_ghost_cemetery,
          uniq_sigmund, uniq_ijyb, uniq_robin
D:4:      layout_basic, minmay_temple_entry_glassed_door, ebering_ghost_sewer_d
D:5:      layout_basic, nicolae_shop_overcharged_wands, uniq_blork_the_orc,
          uniq_prince_ribbit1, uniq_eustachio
D:6:      nicolae_BIG_FREAKIN_CUBE, layout_gridville, mainiacjoe_overflow_swirl
Temple:   mainiacjoe_temple_big_plus

Skill      XL: |  1  2  3  4  5  6  7  8 |
---------------+-------------------------+-----
Hexes          | 4 5 6 7 8 9 |  9.4
Spellcasting   | 3 5 6 7 8 |  8.4
Transmutations | 2 3 |  3.6
Short Blades   | |  1.1
Dodging        | |  2.6
Stealth        | |  4.4

Action                     |  1- 3 |  4- 6 |  7- 9 || total
---------------------------+-------+-------+-------++-------
  Melee: Dagger            |    98 |   188 |    88 ||   374
         Punch             |     1 |     1 |     2 ||     4
   Cast: Ensorcelled Hiber |     9 |    48 |    30 ||    87
         Tukima's Dance    |       |     4 |     5 ||     9
         Confusing Touch   |       |     1 |     3 ||     4
    Use: Scroll            |     1 |     4 |     1 ||     6
         Potion            |       |       |     1 ||     1
   Stab: Sleeping          |     9 |    36 |    23 ||    68
         Distracted        |       |     1 |       ||     1
         Confused          |       |       |     3 ||     3
         Invisible         |       |       |     1 ||     1
 Armour: Robe              |     9 |    14 |     4 ||    27
  Dodge: Dodged            |    77 |   162 |    82 ||   321
